 Dungeon Crawl Stone Soup version 0.29-a0-1016-g236c7fd91e (webtiles) character file.

Game seed: 17900165915547823216

30 flotson the Sneak (level 3, 0/29 HPs)
             Began as a Demonspawn Delver on Aug 9, 2022.
             Succumbed to an adder's poison
             ... on level 3 of the Dungeon.
             The game lasted 00:01:12 (423 turns).

flotson the Sneak (Demonspawn Delver)                Turns: 423, Time: 00:01:13

Health: 0/29       AC:  6    Str: 14    XL:     3   Next: 5%
Magic:  3/3        EV:  9    Int: 11    God:
Gold:   56         SH:  0    Dex: 14    Spells: 2/2 levels left

rFire   . . .      SeeInvis .   a - +0 spear
rCold   . . .      Faith    .   (no shield)
rNeg    . . .      Spirit   .   h - +0 scale mail
rPois   .          Reflect  .   (no helmet)
rElec   .          Harm     .   (no cloak)
rCorr   .          Rampage  .   (no gloves)
Will    .....                   (no boots)
Stlth   +.........              (no amulet)
HPRegen 0.09/turn               (no ring)
MPRegen 0.08/turn               (no ring)

@: lethally poisoned (0 -> -2)
A: hooves 1, demonic guardian 1
a: no special abilities


You were on level 3 of the Dungeon.
You visited 1 branch of the dungeon, and saw 3 of its levels.

You collected 56 gold pieces.

Inventory:

Hand Weapons
 a - a +0 spear (weapon)
Armour
 h - a +0 scale mail (worn)
Wands
 g - a wand of digging (3)
Scrolls
 c - a scroll of fog
 d - a scroll of magic mapping
 e - a scroll of fear


   Skills:
 + Level 3.3 Fighting
 - Level 1.7 Polearms
 + Level 1.0 Armour
 + Level 2.2 Dodging
 - Level 4.5 Stealth
 + Level 1.2 Evocations


You had 2 spell levels left.
You didn't know any spells.
Your spell library was empty.

Dungeon Overview and Level Annotations

Branches:
Dungeon (5/15)
 Temple: D:4-7

Altars:

Annotations:
D:5 Eustachio


Innate Abilities, Weirdness & Mutations

You have large cloven feet.
A weak demonic guardian rushes to your aid.


Message History

You completely miss the adder. You kick the adder.
The adder is severely wounded.
The adder bites you.
You are poisoned.
The adder poisons you!
You hit the adder.
The adder is almost dead.
You feel sick. The adder barely misses you. x2
You miss the adder. Your kick misses the adder.
The adder is almost dead.
You feel sick. The adder closely misses you.
You barely miss the adder. Your kick misses the adder.
The adder is almost dead.
You feel sick. The adder bites you.
* * * LOW HITPOINT WARNING * * *
You are lethally poisoned!
The adder poisons you!
You hit the adder.
You kill the adder!
* * * LOW HITPOINT WARNING * * *
You feel sick.
Your Armour skill increases to level 1!
You have reached level 3!
Your experience leads to an increase in your attributes!
Increase (S)trength, (I)ntelligence, or (D)exterity?
You feel stronger. x2; Your demonic ancestry asserts itself...
You feel the presence of a demonic guardian.
There is a lethal amount of poison in your body!
You aren't carrying any potions.
* * * LOW HITPOINT WARNING * * *
You feel sick.
* * * LOW HITPOINT WARNING * * *
You feel sick.
* * * LOW HITPOINT WARNING * * *
You feel sick.
* * * LOW HITPOINT WARNING * * *
You feel sick.
Okay, then.
A ball python comes into view.
You die...

#.. ..S. #.. ###... #..
#....# #..
#....########## #..
#....##.......# #..
#..!.##.......####..
#....##..........'..
#####..@........######..
................# ......
................#.......
................########
................... .
...............##... #
#......)#+#.....#...
#......## #.....# ..
#.....# #######


You could see a ball python (wandering).

Vanquished Creatures
  2 adders (D:3)
  A worm (D:3)
  2 goblins (D:4)
  A hobgoblin (D:4)
  A ball python (D:3)
  A bat (D:3)
  2 kobolds
  A rat (D:3)
11 creatures vanquished.

Notes
Turn   | Place    | Note
-------+----------+-------------------------------------------
     0 | D:5      | flotson the Demonspawn Delver began the quest for the Orb.
     0 | D:5      | Reached XP level 1. HP: 18/18 MP: 1/1
    94 | D:5      | Noticed Eustachio
   223 | D:4      | Noticed a steam dragon
   361 | D:3      | Gained mutation: You have large cloven feet. [demonic
                  | ancestry]
   361 | D:3      | Reached XP level 2. HP: 20/24 MP: 2/2
   407 | D:3      | Reached skill level 1 in Evocations
   419 | D:3      | Reached skill level 1 in Armour
   419 | D:3      | Gained mutation: A weak demonic guardian rushes to your
                  | aid. [demonic ancestry]
   419 | D:3      | Reached XP level 3. HP: 5/29 MP: 3/3
   422 | D:3      | HP: 1/29 [poisoned by an adder]
   423 | D:3      | Succumbed to an adder's poison

Illustrated notes

Levels and vault maps discovered:
D:3:      layout_basic, grunt_temple_overflow_gold_and_silver,
          grunt_ministairs_14, uniq_jessica
D:4:      layout_loops_ring, st_stairs_2, uniq_ijyb
D:5:      layout_loops_corners, chequers_temple_overflow_minitemple,
          nicolae_ru_the_path_less_chosen, minmay_temple_entry_waves,
          uniq_eustachio, uniq_edmund

Skill      XL: |  1  2 |
---------------+-------+-----
Dodging        | 2 |  2.2
Evocations     | 1 |  1.2
Armour         | 1 |  1.0
Fighting       | |  3.3
Polearms       | |  1.7
Stealth        | |  4.5

Action                   || total
-------------------------++-------
Melee: Spear             ||    51
       Kick              ||     4
  Use: Potion            ||     1
Armor: Scale mail        ||    11
Dodge: Dodged            ||    15

Table legend: (Time is in decaauts)
 A = Elapsed time spent in this place.
 B = Non-inter-level travel time spent in this place.
 C = Inter-level travel time spent in this place.
 D = Time resting spent in this place.
 E = Time spent auto-exploring this place.
 F = Levels seen in this place.
 G = Mean time per level.
                   A        B        C        D        E       F      G
               +--------+--------+--------+--------+--------+-----+--------+
         Total |    405 |    403 |      2 |     73 |    169 |   3 |  135.0 |
       Dungeon |    405 |    403 |      2 |     73 |    169 |   3 |  135.0 |
               +--------+--------+--------+--------+--------+-----+--------+

Top non-repeatable levels by time:
     D:4: 203 daAuts
     D:5: 130 daAuts
     D:3: 71 daAuts
